woodfighter, neutral female human Healer ------- -------- |.^.*..## --------- --.......### |.....| ---.}.>...--- #-.......| # ------- ##-.....-# ...}}---....-######|.......| ###|.}...| ------- # |.....|# |...}| |....|######|.......| #-..}}.| |....*+##### -------# #...}.---....|# --......| |....}| |.....| # #---.......--- ------|- ------- |......############################--------- ## |.<...| ##### ###### # ------- #-------- # # # #.....*.| `## ## # |.......############ # |......| ### # |....{.| # .. #--|---- |......|### #..*.^.| |......+# . |.....| -------- - |^@...| |..f..| ------- woodfighter the Empiric Experience level: 4 Strength: 10 Dexterity: 10 Constitution: 15 Intelligence: 7 Wisdom: 18 Charisma: 16 Health: 0(23) Energy: 38(38) Def: 2 Gold: 1793 Moves: 2576 Dungeon seed: -pkHGgjzE2n749hJ Game ID: woodfighter_1509478316 Your Inventory: Coins $ - 1793 gold pieces Amulets O - an uncursed amulet of ESP Weapons a - a blessed +0 scalpel (weapon in hand) Armor e - an uncursed +1 pair of leather gloves (being worn) Comestibles k - 6 blessed eucalyptus leaves l - a blessed sprig of wolfsbane Scrolls t - an uncursed scroll of enchant weapon H - a cursed scroll of enchant weapon J - 2 uncursed scrolls of enchant armor Spellbooks h - a blessed spellbook of healing Potions d - 3 uncursed potions of extra healing r - a blessed potion of object detection M - an uncursed potion of gain ability R - an uncursed potion of water Wands g - a wand of sleep (0:5) A - a wand of undead turning (0:4) Tools y - an uncursed skeleton key B - an uncursed partly used tallow candle (lit) (0:148) Spells and supernatural/magical abilities: Name Level Category Fail Memory h - healing 1 healing 23% 88% x - extra healing 3 healing 50% 88% S - stone to flesh 3 healing 60% 88% W - pray for help -- divine ? -- Your skills at the end: Miscellaneous Skills wands [Basic] Weapon Skills knife [Basic] Spellcasting Skills healing spells [Basic] Final Attributes: You were devoutly aligned. You were poison resistant. You were very stealthy. You are dead. Vanquished creatures: 2 shriekers an iguana a giant bat a hobbit an acid blob 2 geckos 2 hobgoblins a giant rat a green mold 2 garter snakes a gnome zombie 4 jackals 7 newts a goblin 2 sewer rats 6 grid bugs a bat 3 lichens 2 kobold zombies 41 creatures vanquished. Voluntary challenges: You did not adorn yourself with jewelry or accessories. You did not cause conflict. You were not invisible. You did not have reflection. You were not displaced. You had been an atheist until turn 2481. You used a wielded weapon 89 times, starting on turn 22. You did not apply a unicorn horn. You did not use plumbed fixtures. You did not drink any magical draughts. You read items or engraved 1 time, starting on turn 1866. You never genocided any monsters. You never polymorphed an object. You never changed form. You used no wishes. You never split a pudding. You never wrote Elbereth's name. You never violated your personal moral code. Dungeon overview: The Dungeons of Doom: levels 1 to 7 Level 1 some fountains a long staircase Level 2 a weapon shop, a fountain stairs to The Gnomish Mines Level 3 a general store Level 4 (vault) a general store Level 5 a fountain Level 6 <- You were here a fountain Level 7 The Gnomish Mines: Level 3 stairs to The Dungeons of Doom History has recorded: On T:1 you entered the Dungeons of Doom to retrieve the Amulet of Yendor! On T:350 you reached level 2 of The Dungeons of Doom. On T:423 you reached level 3 of The Dungeons of Doom. On T:528 you reached level 1 of The Gnomish Mines. On T:1100 you advanced to experience level 2. On T:1144 you reached level 4 of The Dungeons of Doom. On T:1435 you advanced to experience level 3. On T:1465 you reached level 5 of The Dungeons of Doom. On T:2077 you advanced to experience level 4. On T:2089 you reached level 6 of The Dungeons of Doom. On T:2406 you reached level 7 of The Dungeons of Doom. On T:2481 you prayed to Hermes. Score breakdown: Gold: 672 ( 67 points) Experience: 4 levels ( 300 points) Exploration: 7 levels ( 180 points) Discoveries: 10 items ( 500 points) Variety of kills: 19 monsters ( 950 points) Major goal: (nothing yet) ( 0 points) Survival: died (score multiplied by 3) Total score: 5991 Latest messages: Kitty misses the wood nymph. The wood nymph drinks a blessed potion of extra healing! The wood nymph looks much better. Kitty bites the wood nymph. The wood nymph pretends to be friendly to kitty. The wood nymph smiles at kitty engagingly. You slash the wood nymph. The wood nymph is lightly wounded. Kitty misses the wood nymph. The wood nymph stole a blessed spellbook of extra healing. A tower of flame erupts from the floor! Your scroll called enchant armor, remove curse catches fire and burns! Your scroll called 100er 3 catches fire and burns! Your spellbook of stone to flesh catches fire and burns! You feel more confident in your weapon skills. You slash the wood nymph. The wood nymph is moderately wounded. Kitty bites the wood nymph. The wood nymph pretends to be friendly to kitty. The wood nymph smiles at kitty engagingly. The wood nymph stole a pine wand. You see here an arrow. An arrow shoots out at you! You are hit by an arrow. You hear a nearby zap. The wand hits you! You die... Final status: Goodbye woodfighter the Healer, killed by a force bolt... You died in The Dungeons of Doom on dungeon level 6 with 5991 points, and 1793 pieces of gold, after 2576 moves. You were level 4 with a maximum of 23 hit points when you died.